 Dungeon Crawl Stone Soup version 0.21.1-1-g345015f (webtiles) character file.

212 infcreate the Shield-Bearer (level 5, 0/47 HPs)
             Began as a Minotaur Fighter on May 13, 2018.
             Slain by an ogre
             ... wielding a +0 giant spiked club
              (22 damage)
             ... on level 4 of the Dungeon.
             The game lasted 00:13:32 (2702 turns).

infcreate the Shield-Bearer (Minotaur Fighter)      Turns: 2702, Time: 00:13:33

Health: 0/47       AC: 10    Str: 22    XL:     5   Next: 58%
Magic:  4/4        EV:  5    Int:  5    God:
Gold:   162        SH: 15    Dex:  9    Spells: 4/4 levels left

rFire    . . .     SeeInvis .   a - +0 war axe
rCold    . . .     Gourm    .   v - +0 large shield
rNeg     . . .     Faith    .   b - +0 scale mail
rPois    +         Spirit   .   (helmet restricted)
rElec    .         Reflect  .   (no cloak)
rCorr    .         Harm     .   j - +2 pair of gloves
MR       .....     Rnd*Tele +   (no boots)
Stlth    ..........             (no amulet)
HPRegen  0.15/turn              l - ring of poison resistance
MPRegen  0.09/turn              r - ring of teleportation (curse)

@: no status effects
A: retaliatory headbutt, horns 2
a: no special abilities


You were on level 4 of the Dungeon.
You were hungry.

You visited 1 branch of the dungeon, and saw 4 of its levels.

You collected 216 gold pieces.
You spent 54 gold pieces at shops.

Inventory:

Hand Weapons
 a - a +0 war axe (weapon)
Armour
 b - a +0 scale mail (worn)
 j - a +2 pair of gloves (worn)
 v - a +0 large shield (worn)
Jewellery
 l - a ring of poison resistance (left hand)
 p - an uncursed ring of magical power
 r - a cursed ring of teleportation (right hand)
Wands
 u - a wand of digging (12)
Scrolls
 g - a scroll of amnesia
 h - a scroll of teleportation {unknown}
 m - a scroll of magic mapping
 n - a scroll of enchant armour {unknown}
 t - a scroll of identify
Potions
 d - a potion of might
 e - a potion of lignification
 i - a potion of mutation {unknown}
 k - 7 potions of curing {unknown}
 o - a potion of heal wounds {unknown}
 q - a potion of flight {unknown}
 s - a potion of haste {unknown}
Comestibles
 f - 7 rations


   Skills:
 + Level 4.4 Fighting
 + Level 4.7 Axes
 + Level 4.6 Armour
 + Level 5.0 Shields


You had 4 spell levels left.
You didn't know any spells.

Dungeon Overview and Level Annotations

Branches:
Dungeon (4/15)
 Temple: D:4-7

Altars:
Ashenzari
Hepliaklqana
Kikubaaqudgha
Nemelex Xobeh

Shops:
D:4 [


Innate Abilities, Weirdness & Mutations

You reflexively headbutt those who attack you in melee.
You have a pair of horns on your head.


Message History

You start putting on your armour.
You continue putting on your +0 large shield. x5
You finish putting on your +0 large shield.
Drop what? 22/52 slots (_ for help) (? for menu, Esc to quit)
You drop a +0 shield.
You are suddenly yanked towards a nearby monster!
Your surroundings suddenly seem different.
An ogre comes into view. It is wielding a giant spiked club.
The ogre shouts!
Found a stone staircase leading down.
You hit the ogre but do no damage. You block the ogre's attack.
You hit the ogre.
The ogre is lightly wounded.
The ogre hits you with a giant spiked club!!
Ouch! That really hurt!
You are too injured to fight recklessly!
You barely miss the ogre. Your headbutt misses the ogre.
The ogre is lightly wounded.
The ogre hits you with a giant spiked club!!
You die...

# ..... ## .
...# #. .. ...#
#. #.. ... #..#
##... .....
.... #..##.....
....#
#....#.........
....
#.............
...
#....@....>..
..
##...O.......
##..........
##.........
##........
#........
##.##.... .#
..##


You could see an ogre.

Vanquished Creatures
  A jelly (D:3)
  A bullfrog skeleton (D:4)
  The ghost of Iko the Stinger, a weakling KoVM (D:3)
  Robin (D:4)
  A gnoll (D:2)
  3 adders
  An ooze (D:2)
  An adder skeleton (D:4)
  2 dart slugs
  5 leopard geckos
  4 orcs (D:3)
  2 giant cockroaches
  11 goblins
  2 hobgoblins (D:4)
  6 jackals
  3 quokkas
  9 bats
  7 frilled lizards
  5 kobolds
  4 rats
70 creatures vanquished.

Notes
Turn   | Place    | Note
-------+----------+-------------------------------------------
     0 | D:1      | infcreate the Minotaur Fighter began the quest for the Orb.
     0 | D:1      | Reached XP level 1. HP: 19/19 MP: 0/0
   166 | D:1      | Reached XP level 2. HP: 21/27 MP: 1/1
   229 | D:1      | Reached skill level 4 in Shields
   665 | D:2      | Reached XP level 3. HP: 32/33 MP: 2/2
   900 | D:2      | Found a shattered altar of Ashenzari.
   902 | D:2      | Found an ancient bone altar of Kikubaaqudgha.
   903 | D:2      | Found a sparkling altar of Nemelex Xobeh.
  1369 | D:2      | Reached XP level 4. HP: 40/40 MP: 3/3
  2054 | D:3      | Noticed Iko's ghost (weakling KoVM)
  2060 | D:3      | Killed Iko's ghost
  2060 | D:3      | Reached XP level 5. HP: 41/47 MP: 4/4
  2221 | D:4      | Reached skill level 5 in Shields
  2259 | D:4      | Found a hazy altar of Hepliaklqana.
  2347 | D:4      | Noticed Robin
  2365 | D:4      | Killed Robin
  2667 | D:4      | Found Neiwoemo's Armour Shop.
  2675 | D:4      | Bought a +0 large shield for 54 gold pieces
  2699 | D:4      | Noticed an ogre
  2702 | D:4      | Slain by an ogre

Skill      XL: |  1  2  3  4  5 |
---------------+----------------+-----
Fighting       | 4 |  4.4
Shields        | 4 5 |  5.0
Armour         | 4 |  4.6
Axes           | 3 4 |  4.7

Action                   |  1- 3 |  4- 6 || total
-------------------------+-------+-------++-------
Melee: War axe           |    92 |    85 ||   177
       Headbutt          |     9 |    13 ||    22
  Use: Scroll            |     3 |     1 ||     4
  Eat: Chunk             |     1 |     4 ||     5
Armor: Scale mail        |    51 |    39 ||    90
       Chain mail        |    20 |       ||    20
Dodge: Dodged            |    31 |    23 ||    54
Block: Shield            |    64 |    42 ||   106
       Large shield      |       |     1 ||     1
